 Dungeon Crawl Stone Soup version 0.32-a0-975-g85d4e5bfdb (webtiles) character file.

Game seed: 2205353261139095744

4 kae the Changeling (level 1, -3/15 HPs)
             Began as a Demonspawn Shapeshifter on Apr 18, 2024.
             Slain by a hobgoblin (4 damage)
             ... on level 1 of the Dungeon.
             The game lasted 00:00:07 (71 turns).

kae the Changeling (Demonspawn Shapeshifter)          Turns: 71, Time: 00:00:08

Health: -3/15      AC:  2    Str: 14    XL:     1   Next: 50%
Magic:  1/1        EV: 11    Int: 10    God:
Gold:   2          SH:  0    Dex: 12    Spells: 0/0 levels left

rFire   . .          .
                       - Unarmed
rCold   . . .        (no shield)
rNeg    . . .        a - +0 animal skin
rPois   .            (helmet currently unavailable)
rElec   .            (cloak currently unavailable)
rCorr   .            (gloves currently unavailable)
SInv    .            (boots currently unavailable)
Will    .....        (no amulet)
Stlth   +            (no ring)
HPRegen 0.22/turn    (no ring)
MPRegen 0.07/turn

%: no passive effects
@: beast-form
A: beast (slay +1)
a: Begin Untransformation


You were on level 1 of the Dungeon.
You were a hulking beast.
You visited 1 branch of the dungeon, and saw 1 of its levels.

You collected 2 gold pieces.


   Skills:
 - Level 1.0 Fighting
 - Level 1.7 Dodging
 + Level 2.7 Unarmed Combat
 * Level 2.8 Shapeshifting


You couldn't memorise any spells.
You didn't know any spells.
Your spell library was empty.

Inventory:

Armour
 a - a +0 animal skin (worn)
Talismans
 c - a beast talisman (active)
 d - a flux talisman
Potions
 b - a potion of lignification {!q}

Dungeon Overview and Level Annotations

Branches:
Dungeon (1/15) Zot: 5928

Altars:

#.........<#
#.########.#
#........#.#
######.>.#.#
#........#.#
###########.####.#.#.#
.........##....#)#.#.#
..........##.#.#.#.#.#
......gh..)....#.#.#.#
......hhr)'..#.#.#.#.#
.........##++#########
.........# #####....#
#..... #...## #...#


You could see 2 jackals, a hobgoblin and a rat.


Message History

Found a staircase leading out of the dungeon.
Found an escape hatch in the floor.
A kobold comes into view. It is wielding a +0 short sword.
The kobold shouts!
A kobold is nearby!
The kobold hits you with a +0 short sword.
You hit the kobold.
The kobold hits you with a +0 short sword. 😮 HP[-5]
You take 5 damage, and now have 10/15 hp.
MASSIVE DAMAGE!! (PAUSE)
You are too injured to fight recklessly!
You are too injured to fight recklessly!
You hit the kobold.
You kill the kobold!
Unknown command.
There is an escape hatch in the floor here.
You now have 2 gold pieces.
As you open the large door, it creaks loudly!
A goblin comes into view. It is wielding a +0 dagger.
You hear a bark!
You hear a shout!
A hobgoblin comes into view.
You hear a bark!
You hear a loud squeak. 😎 HP[+5]
Your hp is fully restored (15).
There are monsters nearby!
You hit the goblin.
You kill the goblin!
You hear a bark!
There is a large open door here.
Things that are here:
a +0 dagger; a goblin corpse A hobgoblin is nearby!
A hobgoblin comes into view.
There are monsters nearby!
You barely miss the hobgoblin.
The hobgoblin shouts!
The hobgoblin barely misses you.
You hit the hobgoblin.
A jackal comes into view.
The hobgoblin barely misses you.
There are monsters nearby!
You closely miss the hobgoblin. The hobgoblin hits you.
You barely miss the hobgoblin.
The jackal barks!
You punch the hobgoblin.
You kill the hobgoblin! 😕 HP[-2]
You take 2 damage, and now have 13/15 hp.
There are monsters nearby!
There are monsters nearby!
The hobgoblin hits you. The jackal misses you.
You hit the hobgoblin but do no damage. The hobgoblin hits you.
A rat comes into view.
The jackal barely misses you. 😮 HP[-2]
You take 2 damage, and now have 11/15 hp.
You hit the hobgoblin but do no damage. The jackal bites you.
The hobgoblin hits you.
You are too injured to fight recklessly! 😮 HP[-3]
You take 3 damage, and now have 8/15 hp.
There are monsters nearby!
You are too injured to fight recklessly!
You are too injured to fight recklessly!
You are too injured to fight recklessly!
You are too injured to fight recklessly!
Unknown command.
You hit the hobgoblin.
A jackal comes into view.
The jackal closely misses you. The hobgoblin hits you.
* * * LOW HITPOINT WARNING * * *
The jackal bites you.
* * * LOW HITPOINT WARNING * * *
😱 HP[-5]
You take 5 damage, and now have 3/15 hp.
MASSIVE DAMAGE!! (PAUSE)
The jackal barks!
You hit the hobgoblin. The hobgoblin misses you.
The jackal barely misses you. 😨 HP[+1] Unknown command.
You hit the jackal. The jackal barely misses you.
The hobgoblin completely misses you.
Unknown command.
You closely miss the hobgoblin. The jackal barely misses you.
The hobgoblin completely misses you. The rat bites you.
* * * LOW HITPOINT WARNING * * *
The jackal bites you but does no damage.
The jackal bites you.
* * * LOW HITPOINT WARNING * * *
😱 HP[-3]
You take 3 damage, and now have 1/15 hp.
Unknown command.
Okay, then.
You aren't carrying any scrolls.
Unknown command.
You closely miss the hobgoblin. The jackal closely misses you.
The rat barely misses you. The jackal barely misses you.
The hobgoblin hits you.
You die...

Action                     || total
---------------------------++-------
  Melee: Unarmed           ||    14
         Punch             ||     1
 Armour: Animal skin       ||    13
  Dodge: Dodged            ||    14

Levels and vault maps discovered:
D:1:      hellmonk_arrival_library, layout_basic, minmay_distorted

Notes
Turn   | Place    | Note
-------+----------+-------------------------------------------
     0 | D:1      | kae the Demonspawn Shapeshifter began the quest for the
                  | Orb.
     0 | D:1      | Reached XP level 1. HP: 15/15 MP: 1/1
     0 | D:1      | magus.rc [v1.11.3]
    67 | D:1      | HP: 3/15 [jackal (1)]
    70 | D:1      | HP: 1/15 [jackal (1)]
    71 | D:1      | Slain by a hobgoblin

Vanquished Creatures
  A goblin (D:1)
  A hobgoblin (D:1)
  A kobold (D:1)
3 creatures vanquished.

Table legend:
 A = Non-vault XP
 B = Vault XP
 C = Vault XP percentage of total XP
 D = Non-vault monster count
 E = Vault monster count
 F = Vault count percentage of total count
                 A         B        C        D         E       F
            +---------+---------+-------+---------+---------+-------
      Total |       6 |       0 |   0.0 |       3 |       0 |   0.0
            +---------+---------+-------+---------+---------+-------
        D:1 |       6 |       0 |   0.0 |       3 |       0 |   0.0
            +---------+---------+-------+---------+---------+-------

Action                     || total
---------------------------++-------
  Melee: Unarmed           ||    14
         Punch             ||     1
 Armour: Animal skin       ||    13
  Dodge: Dodged            ||    14

Illustrated notes

Table legend:
 A = Kills in this place as a percentage of kills in the entire game.
 B = Kills by you in this place as a percentage of kills by you in the entire game.
 C = Kills by friends in this place as a percentage of kills by friends in the entire game.
 D = Other kills in this place as a percentage of other kills in the entire game.
 E = Experience gained in this place as a percentage of experience gained in the entire game.
 F = Experience gained in this place divided by the number of levels of this place that you have seen.
                   A       B       C       D       E      F
               +-------+-------+-------+-------+-------+----------------------
         Total | 100.0 | 100.0 |   N/A |   N/A | 100.0 |   6.0
       Dungeon | 100.0 | 100.0 |   N/A |   N/A | 100.0 |   6.0
               +-------+-------+-------+-------+-------+----------------------

Table legend: (Time is in decaauts)
 A = Elapsed time spent in this place.
 B = Non-inter-level travel time spent in this place.
 C = Inter-level travel time spent in this place.
 D = Time resting spent in this place.
 E = Time spent auto-exploring this place.
 F = Levels seen in this place.
 G = Mean time per level.
                   A        B        C        D        E       F      G
               +--------+--------+--------+--------+--------+-----+--------+
         Total |     70 |     70 |      0 |      0 |     48 |   1 |   70.0 |
       Dungeon |     70 |     70 |      0 |      0 |     48 |   1 |   70.0 |
               +--------+--------+--------+--------+--------+-----+--------+

Top non-repeatable levels by time:
     D:1: 70 daAuts
